 Dungeon Crawl Stone Soup version 0.30-a0-778-g2ef04afb54 (webtiles) character file.

Game seed: 17131049069942267679

27 Newt the Trooper (level 2, -1/24 HPs)
             Began as a Demonspawn Gladiator on Feb 16, 2023.
             Slain by Terence
             ... wielding a +3 morningstar of protection
              (9 damage)
             ... on level 2 of the Dungeon.
             The game lasted 00:00:50 (655 turns).

Newt the Trooper (Demonspawn Gladiator)              Turns: 655, Time: 00:00:50

Health: -1/24      AC:  3    Str: 14    XL:     2   Next: 93%
Magic:  2/2        EV: 10    Int:  9    God:
Gold:   61         SH:  7    Dex: 14    Spells: 1/1 levels left

rFire   . . .      SeeInvis .    a - +1 rapier
rCold   . . .      Faith    .    k - +0 kite shield
rNeg    . . .      Spirit   .    b - +0 leather armour
rPois   .          Reflect  .    (helmet restricted)
rElec   .          Harm     .    (no cloak)
rCorr   .          Rampage  .    (no gloves)
Will    .....                    (no boots)
Stlth   ++                       (no amulet)
HPRegen 0.24/turn                (no ring)
MPRegen 0.08/turn                (no ring)

@: no status effects
A: antennae 1
a: no special abilities


You were on level 2 of the Dungeon.
You visited 1 branch of the dungeon, and saw 2 of its levels.

You collected 61 gold pieces.

Inventory:

Hand Weapons
 a - a +1 rapier (weapon)
Missiles
 d - 3 throwing nets (quivered)
 e - a javelin
Armour
 b - a +0 leather armour (worn)
 c - a +0 helmet
 k - a +0 kite shield (worn)
Potions
 g - 2 potions of lignification {unknown}
 h - a potion of berserk rage {unknown}
 j - a potion of haste {unknown}
 l - a potion of flight {unknown}


   Skills:
 + Level 3.0 Fighting
 - Level 2.6 Short Blades
 - Level 1.7 Throwing
 - Level 2.6 Dodging
 - Level 1.5 Stealth


You had one spell level left.
You didn't know any spells.
Your spell library was empty.

Dungeon Overview and Level Annotations

Branches:
Dungeon (2/15)

Altars:

Annotations:
D:2 Terence


Innate Abilities, Weirdness & Mutations

You have a pair of small antennae on your head.


Message History

No target in view!
No target in view!
No target in view!
No target in view!
No target in view!
No target in view!
No target in view!
No target in view!
No target in view!
Okay, then.
As you read the scroll labelled MEUDEI GARARE, it crumbles to dust.
You hear the flapping of tiny wings.
It was a scroll of butterflies.
Something closely misses your butterfly.
A hobgoblin comes into view.
As you read the scroll labelled PICEMI KOZOTUM, it crumbles to dust.
It is a scroll of amnesia.
You feel forgetful for a moment. Something misses your butterfly.
As you read the scroll labelled OTAXTUXK KUKI, it crumbles to dust.
It is a scroll of enchant weapon.
Your +0 rapier glows red for a moment.
A hobgoblin is nearby!
A hobgoblin is nearby!
You swap places.
The hobgoblin closely misses your butterfly.
Something barely misses your butterfly.
You swap places.
You swap places.
The hobgoblin barely misses your butterfly.
Something hits you.
You see here a hobgoblin corpse.
You completely miss something. The hobgoblin hits your butterfly.
Your butterfly dies!
Your butterfly disappears in a burst of colours!
Something hits you!
Ouch! That really hurt!
The hobgoblin hits your butterfly.
Your butterfly dies!
Your butterfly disappears in a burst of colours!
Something hits you!
You die...

*,* *,*****,
##.********,,,,,,,
###..,,,,,,>,,,,,,,,
#....********,*****,
**##.#.#######**,*****,
*,.....bb.....,,,,,,,,,
*,#..bbb..b..,,*,******
*,#..#{#bb#,#*,,,,*****
*,#..#@bbb#.#*,,,,,,,,*
*,#.{#bbb.b.#*,,,,*,*,*
*,#..#.bbbb.##,*,,,,,,,
*,#..b.bbbb...,,,,,,,,*
*,#....bbbb.#.,*,,,*,,,
#...bbg.bb..#,,*,**,**,
###...#.b####,,*,*****,
#......b.,,,,*,* *,
##..#..###*,,,,* *,


You could see a hobgoblin.

Vanquished Creatures
  2 endoplasms (D:1)
  3 giant cockroaches (D:1)
  2 goblins (D:1)
  3 hobgoblins
  3 jackals (D:1)
  2 kobolds (D:1)
  A quokka (D:1)
  2 bats (D:1)
  4 rats (D:1)
22 creatures vanquished.

Notes
Turn   | Place    | Note
-------+----------+-------------------------------------------
     0 | D:1      | Newt the Demonspawn Gladiator began the quest for the Orb.
     0 | D:1      | Reached XP level 1. HP: 16/16 MP: 1/1
    29 | D:1      | Reached skill level 1 in Stealth
    83 | D:1      | Discovered your monstrous ancestry.
    83 | D:1      | Gained mutation: You have a pair of small antennae on your
                  | head. [demonic ancestry]
    83 | D:1      | Reached XP level 2. HP: 15/22 MP: 2/2
   643 | D:2      | Noticed Terence
   649 | D:2      | Reached skill level 3 in Fighting
   655 | D:2      | Slain by Terence

Illustrated notes

Levels and vault maps discovered:
D:1:      minmay_arrival_stone_box, layout_basic, patterned_corridor
D:2:      layout_loops_ring, uniq_terence

Skill      XL: |  1  2 |
---------------+-------+-----
Stealth        | 1 |  1.5
Fighting       | 3 |  3.0
Short Blades   | |  2.6
Throwing       | |  1.7
Dodging        | |  2.6

Action                     || total
---------------------------++-------
  Melee: Rapier            ||    79
         Punch             ||     2
    Use: Scroll            ||     4
   Stab: Sleeping          ||     2
 Armour: Leather armour    ||    22
  Dodge: Dodged            ||    59
  Block: Kite shield       ||    15

Table legend: (Time is in decaauts)
 A = Elapsed time spent in this place.
 B = Non-inter-level travel time spent in this place.
 C = Inter-level travel time spent in this place.
 D = Time resting spent in this place.
 E = Time spent auto-exploring this place.
 F = Levels seen in this place.
 G = Mean time per level.
                   A        B        C        D        E       F      G
               +--------+--------+--------+--------+--------+-----+--------+
         Total |    665 |    646 |     19 |      0 |    479 |   2 |  332.5 |
       Dungeon |    665 |    646 |     19 |      0 |    479 |   2 |  332.5 |
               +--------+--------+--------+--------+--------+-----+--------+

Top non-repeatable levels by time:
     D:1: 650 daAuts
     D:2: 14 daAuts
